 Dungeon Crawl Stone Soup version 0.19-a0-1071-g4ed3155 (webtiles) character file.

2507 junb69 the Cleaver (level 9, -6/78 HPs)
             Began as a Demigod Gladiator on Aug 5, 2016.
             Mangled by an orc warrior
             ... wielding a cursed +0 war axe
              (14 damage)
             ... in a bailey.
             The game lasted 00:18:16 (7274 turns).

junb69 the Cleaver (Demigod Gladiator)              Turns: 7274, Time: 00:18:17

Health: -6/78      AC: 10    Str: 27    XL:     9   Next: 7%
Magic:  11/11      EV: 12    Int: 12    God:
Gold:   281        SH:  0    Dex: 18    Spells: 1 memorised, 5 levels left

rFire  . . .     SeeInvis .     a - +0 war axe
rCold  . . .     Gourm    .     K - +0 ring mail
rNeg   . . .     Faith    .     (no shield)
rPois  .         Spirit   .     c - +0 helmet
rElec  .         Dismiss  .     G - +0 cloak
rCorr  .         Reflect  .     r - +0 pair of gloves
SustAt +         Harm     .     m - +1 pair of boots
MR     +....                    E - amulet of rage
Stlth  ..........               D - ring of protection from magic
                                A - ring of flight

@: confused, mighty, exhausted, slowed, very slow
A: high mp 1, sustain attributes
a: Evoke Berserk Rage, Evoke Flight


You were in a bailey.
You were very hungry.

You visited 1 branch of the dungeon, and saw 7 of its levels.
You also visited: Bailey.

You collected 281 gold pieces.

Inventory:

Hand Weapons
 a - a +0 war axe (weapon)
Missiles
 d - a throwing net (quivered)
Armour
 c - a +0 helmet (worn)
 m - a +1 pair of boots (worn)
 r - a +0 pair of gloves (worn)
 z - a +2 plate armour of magic resistance
 G - a +0 cloak (worn)
 K - a +0 ring mail (worn)
Jewellery
 A - a ring of flight (left hand)
 D - a ring of protection from magic (right hand)
 E - an amulet of rage (around neck)
Wands
 v - a wand of confusion (48/48)
 y - a wand of disintegration (15/24)
 F - a wand of confusion (18/48)
Scrolls
 h - 2 scrolls of amnesia
 q - a scroll of immolation
 t - a scroll of remove curse
 x - 2 scrolls of teleportation
Potions
 e - 4 potions of flight
 l - a potion of might
 o - 3 potions of curing
 s - a potion of resistance {unknown}
 u - a potion of mutation {unknown}
 C - a potion of magic
Books
 H - a book of Misfortune

   Spells                             Type                      Level
   a - Confusing Touch                Hexes                        1
   b - Confuse                        Hexes                        3
   c - Gell's Gravitas                Hexes/Translocation          3
   d - Petrify                        Transmutation/Earth          4
   e - Metabolic Englaciation         Hexes/Ice                    5
   f - Yara's Violent Unravelling     Hexes/Transmutation          5
Comestibles
 f - 6 bread rations
 g - 2 beef jerkies
 i - 14 fruits
 n - a royal jelly
 p - a meat ration


   Skills:
 * Level 6.8 Fighting
 - Level 9.8 Axes
 - Level 1.7 Throwing
 - Level 2.6 Dodging


You had 5 spell levels left.
You knew the following spells:

 Your Spells              Type           Power        Failure   Level  Hunger
a - Confuse               Hex            #.......     97%         3    ####...


Dungeon Overview and Level Annotations

Branches:
Dungeon (7/15)             Temple (0/1) D:7

Portals:
Ossuary: D:7


Innate Abilities, Weirdness & Mutations

You have an increased reservoir of magic. (+10% MP)
Your attributes are resistant to harm.


Message History

You are exhausted.
You feel yourself slow down.
You are feeling very hungry.
You closely miss the orc warrior. The orc warrior barely misses you.
You slash the orc warrior!
The orc warrior is moderately wounded.
You completely miss the orc. The orc hits you but does no damage.
The orc warrior hits you with an enchanted war axe!!
* * * LOW HITPOINT WARNING * * *
The orc closely misses you.
You hear a shout!
It was a potion of magic.
Magic courses through your body.
The orc warrior hits you with an enchanted war axe!
* * * LOW HITPOINT WARNING * * *
The orc closely misses you.
It was a potion of ambrosia.
You are confused.
You feel invigorated.
The orc warrior hits you with an enchanted war axe!
You die...

#≈.≈#
K≈.≈K
##≈.≈##
K≈.≈K
##≈.≈#
.≈.≈
##o##
▓o@.▓
▓^^.▓
▓.∩.▓
▓▓▓▓▓


You could see an orc warrior, an orc and 4 kobolds.

Vanquished Creatures
  An orc knight (Bailey)
  Pikel (D:6)
  Prince Ribbit (D:6)
  Edmund (D:5)
  2 slaves
  A sky beast (D:5)
  An ice beast (D:5)
  An orc warrior (Bailey)
  A phantom (D:5)
  2 centaurs
  2 giant frogs
  A crimson imp (D:5)
  2 giant frog skeletons
  2 orc wizards (D:5)
  An orc priest (D:4)
  3 hounds
  3 jellies
  2 iguanas
  4 worker ants
  A killer bee zombie (D:6)
  3 gnolls (D:2)
  6 adders
  2 oozes
  An adder skeleton (D:6)
  A worm (D:4)
  A dart slug (D:2)
  5 giant geckos
  15 orcs
  A ball python (D:4)
  6 giant cockroaches
  2 goblins (D:2)
  8 hobgoblins
  4 jackals
  5 kobolds
  4 quokkas
  4 bats
  2 giant gecko skeletons
  5 giant newts
  4 rats
112 creatures vanquished.

Vanquished Creatures (others)
  A slave (D:6)
  Eustachio (D:6)
  2 worker ants (D:6)
4 creatures vanquished.

Grand Total: 116 creatures vanquished

Notes
Turn   | Place    | Note
-------+----------+-------------------------------------------
     0 | D:1      | junb69 the Demigod Gladiator began the quest for the Orb.
     0 | D:1      | Reached XP level 1. HP: 17/17 MP: 3/3
   196 | D:1      | Reached skill level 3 in Axes
   836 | D:1      | Reached XP level 2. HP: 23/24 MP: 4/4
   897 | D:1      | Found a glowing golden altar of the Shining One.
  1210 | D:2      | Found a white marble altar of Elyvilon.
  1280 | D:2      | Reached XP level 3. HP: 29/29 MP: 5/5
  1313 | D:2      | Found a snail-covered altar of Cheibriados.
  1360 | D:2      | Reached skill level 4 in Axes
  1624 | D:2      | Reached XP level 4. HP: 24/36 MP: 6/6
  2152 | D:3      | Reached skill level 5 in Axes
  2290 | D:3      | Found an oddly glowing altar of Pakellas.
  2524 | D:4      | Found a shattered altar of Ashenzari.
  2734 | D:4      | Noticed a phantom
  3225 | D:4      | Reached XP level 5. HP: 32/41 MP: 7/7
  3869 | D:5      | Entered Level 5 of the Dungeon
  3985 | D:5      | Reached skill level 6 in Axes
  4475 | D:4      | Reached XP level 6. HP: 44/48 MP: 8/8
  4592 | D:5      | Reached skill level 7 in Axes
  4940 | D:5      | Noticed Edmund
  4952 | D:5      | Killed Edmund
  4952 | D:5      | Reached skill level 8 in Axes
  4952 | D:5      | Reached XP level 7. HP: 53/53 MP: 9/9
  5483 | D:5      | Learned a level 3 spell: Confuse
  5493 | D:6      | Noticed Pikel
  5839 | D:5      | Reached skill level 9 in Axes
  6274 | D:6      | Noticed Prince Ribbit
  6278 | D:6      | Killed Prince Ribbit
  6278 | D:6      | Reached XP level 8. HP: 42/60 MP: 10/10
  6749 | D:6      | Noticed Eustachio
  6777 | D:6      | Killed Pikel
  6791 | D:6      | Killed Eustachio
  6832 | D:6      | Reached skill level 5 in Fighting
  7171 | D:7      | Found a sand-covered staircase.
  7212 | D:7      | Found a flagged portal.
  7221 | Bailey   | Entered a bailey
  7247 | Bailey   | Noticed an orc knight
  7266 | Bailey   | Killed an orc knight
  7266 | Bailey   | Reached XP level 9. HP: 42/78 MP: 11/11
  7273 | Bailey   | HP: 2/78 [orc warrior/enchanted war axe (7)]
  7274 | Bailey   | Mangled by an orc warrior

Vault maps used:
D:1:      lightli_arrival_chessboard, hangedman_abyss_or_decor_lesser_grid,
          tso_metal_star
D:2:      old_standard_altar, first_bread, kennysheep_slug_shrine
D:3:      nicolae_overflow_crystal_walls
D:4:      lemuel_round_altar, minmay_misc_feat_five
D:5:      uniq_edmund
D:6:      feat_on_display, uniq_eustachio, uniq_prince_ribbit1, uniq_pikel
D:7:      overflow_temple_1_default, lemuel_round_altar, minitemple,
          enter_ossuary_1, enter_bailey_2, uniq_duvessa
Bailey:   bailey_axe_1, bailey

Skill      XL: |  1  2  3  4  5  6  7  8 |
---------------+-------------------------+-----
Axes           | 3 4 5 6 8 9 |  9.8
Fighting       | 6 |  6.8
Throwing       | |  1.7
Dodging        | |  2.6

Action                   |  1- 3 |  4- 6 |  7- 9 || total
-------------------------+-------+-------+-------++-------
Melee: War axe           |    93 |   176 |   156 ||   425
Throw: Throwing net      |     1 |       |     1 ||     2
 Abil: Evoke Berserk Rag |       |     1 |     4 ||     5
       Evoke Flight      |       |       |     1 ||     1
  Use: Scroll            |       |     4 |    11 ||    15
       Potion            |       |       |     3 ||     3
 Stab: Held in net/web   |       |       |     1 ||     1
  Eat: Chunk             |     2 |    11 |     8 ||    21
       Fruit             |       |       |     2 ||     2
Armor: Ring mail         |    29 |    74 |    46 ||   149
       Leather armour    |     1 |       |       ||     1
Dodge: Dodged            |    62 |   123 |    79 ||   264
